 Dungeon Crawl Stone Soup version 0.30-a0-808-g6e0788376e (webtiles) character file.

Game seed: 18324496255325560026

60 cforsyth the Sneak (level 4, -1/28 HPs)
             Began as a Kobold Brigand on Feb 27, 2023.
             Slain by a hobgoblin (3 damage)
             ... on level 2 of the Dungeon.
             The game lasted 00:01:54 (1474 turns).

cforsyth the Sneak (Kobold Brigand)                 Turns: 1474, Time: 00:01:54

Health: -1/28      AC:  3    Str:  8    XL:     4   Next: 25%
Magic:  4/4        EV: 15    Int: 12    God:
Gold:   57         SH:  0    Dex: 18    Spells: 3/3 levels left

rFire   . . .      SeeInvis .    g - +1 dagger (drain)
rCold   . . .      Faith    .    (no shield)
rNeg    . . .      Spirit   .    b - +0 robe
rPois   .          Reflect  .    (no helmet)
rElec   .          Harm     .    c - +0 cloak
rCorr   .          Rampage  .    (no gloves)
Will    .....                    (no boots)
Stlth   ++++                     (no amulet)
HPRegen 0.24/turn                (no ring)
MPRegen 0.09/turn                (no ring)

@: no status effects
A: small, no large weapons, nightstalker 3
a: no special abilities


You were on level 2 of the Dungeon.
You visited 1 branch of the dungeon, and saw 2 of its levels.

You collected 57 gold pieces.

Inventory:

Hand Weapons
 a - a +2 dagger
 g - a +1 dagger of draining (weapon)
Missiles
 d - 9 poisoned darts (quivered)
 e - 3 curare-tipped darts
Armour
 b - a +0 robe (worn)
 c - a +0 cloak (worn)
Scrolls
 f - 2 scrolls of identify {unknown}
 i - a scroll of enchant weapon {unknown}
 j - a scroll of brand weapon {unknown}
 l - a scroll of silence {unknown}
Potions
 h - a potion of curing {unknown}
 k - 2 potions of heal wounds {unknown}


   Skills:
 + Level 3.0 Fighting
 + Level 3.6 Short Blades
 - Level 2.1 Throwing
 + Level 2.3 Dodging
 + Level 5.9 Stealth


You had 3 spell levels left.
You didn't know any spells.
Your spell library was empty.

Dungeon Overview and Level Annotations

Branches:
Dungeon (2/15)

Altars:


Innate Abilities, Weirdness & Mutations

You are small and have problems with some larger weapons.
You are completely attuned to the shadows.


Message History

The hobgoblin barely misses you. The quokka bites you. The adder bites you.
You hit the quokka.
The quokka is heavily wounded.
The hobgoblin hits you but does no damage.
The quokka closely misses you. The adder barely misses you.
You hit the quokka.
The quokka is severely wounded.
The adder bites you. The quokka bites you.
The hobgoblin hits you but does no damage.
You hit the quokka.
The quokka is almost dead.
The adder bites you. The quokka bites you.
You are too injured to fight recklessly!
You are too injured to fight recklessly!
You are too injured to fight recklessly!
You are too injured to fight recklessly!
You are too injured to fight recklessly!
You are too injured to fight recklessly!
You are too injured to fight recklessly!
You barely miss the quokka.
The quokka is almost dead.
The hobgoblin barely misses you. The adder bites you but does no damage.
The quokka bites you.
Found a spear.
The adder closely misses you. The hobgoblin hits you.
Unknown command.
The hobgoblin attacks as you move away! The hobgoblin barely misses you.
You hit the hobgoblin.
The hobgoblin is heavily wounded.
The hobgoblin hits you.
* * * LOW HITPOINT WARNING * * *
You barely miss the hobgoblin.
The hobgoblin is heavily wounded.
The hobgoblin hits you.
* * * LOW HITPOINT WARNING * * *
You hit the hobgoblin but do no damage.
The hobgoblin is heavily wounded.
The hobgoblin hits you.
You die...

#.######.......###.#..#.#
#.# ######.=.......###
..# ............# ...#
##....... #.......
#......! #Sr.....
#g#.#### #@#.# #.#)# ..#
...# ....#


You could see an adder, a quokka and a hobgoblin.

Vanquished Creatures
  A gnoll (D:2)
  An adder (D:2)
  A worm (D:2)
  2 dart slugs
  4 bats
  An endoplasm (D:1)
  3 hobgoblins (D:1)
  7 jackals
  2 quokkas
  2 ball pythons (D:1)
  2 frilled lizards (D:1)
  4 kobolds
  4 rats
34 creatures vanquished.

Notes
Turn   | Place    | Note
-------+----------+-------------------------------------------
     0 | D:1      | cforsyth the Kobold Brigand began the quest for the Orb.
     0 | D:1      | Reached XP level 1. HP: 12/12 MP: 1/1
   203 | D:1      | Reached XP level 2. HP: 18/18 MP: 2/2
   475 | D:1      | Found a faded altar of an unknown god.
   586 | D:1      | Reached XP level 3. HP: 22/22 MP: 3/3
  1395 | D:2      | Reached XP level 4. HP: 14/28 MP: 4/4
  1474 | D:2      | Slain by a hobgoblin

Illustrated notes

Levels and vault maps discovered:
D:1:      ebering_hopf_link, layout_loops_corners,
          shapermc_ecumenical_altar_mp_vishouse
D:2:      layout_basic

Skill      XL: |  1  2  3 |
---------------+----------+-----
Short Blades   | 3 |  3.6
Dodging        | 2 |  2.3
Fighting       | 3 |  3.0
Throwing       | |  2.1
Stealth        | |  5.9

Action                     |  1- 3 |  4- 6 || total
---------------------------+-------+-------++-------
  Melee: Dagger            |    62 |    14 ||    76
         Punch             |     1 |       ||     1
   Stab: Sleeping          |    22 |       ||    22
 Armour: Robe              |     9 |     3 ||    12
  Dodge: Dodged            |    38 |    12 ||    50

Table legend: (Time is in decaauts)
 A = Elapsed time spent in this place.
 B = Non-inter-level travel time spent in this place.
 C = Inter-level travel time spent in this place.
 D = Time resting spent in this place.
 E = Time spent auto-exploring this place.
 F = Levels seen in this place.
 G = Mean time per level.
                   A        B        C        D        E       F      G
               +--------+--------+--------+--------+--------+-----+--------+
         Total |   1463 |   1395 |     68 |    217 |    919 |   2 |  731.5 |
       Dungeon |   1463 |   1395 |     68 |    217 |    919 |   2 |  731.5 |
               +--------+--------+--------+--------+--------+-----+--------+

Top non-repeatable levels by time:
     D:1: 1228 daAuts
     D:2: 234 daAuts
